AoeStats
← dark_29

Arena

510618724Analyzed
2v2 RM · 1d ago on Oct 1, 2026· 20m 32s· 4 players
Game mode
Random Map
Map size
Medium (4 player)
Population
200
Speed
Normal
Resources
Standard
Victory
Conquest
Starting age
Dark Age
Ending age
Imperial Age
RankedLock teamsTeams togetherTeam positionsShared explorationLock speedFull tech treeHidden civsTurbo modeCheats
Victory
Defeat
🇹🇷 Franks · Türkiye
941
+15
🇫🇷 Persians · France
929
+16
🇺🇸 Danes · United States
944
-16
🇵🇾 Aztecs · Paraguay
902
-15
dark_29
0:27 Loom
10:20 Feudal Age
10:46 Double-Bit Axe
11:10 Horse Collar
19:02 Castle Age
18:26 Gold Mining
19:06 Bloodlines
19:47 Husbandry
20:38 Stone Mining
21:03 Bow Saw
21:01 Heavy Plow
Senbonzakura Kageyoshi
4:10 Loom
11:09 Feudal Age
11:44 Double-Bit Axe
17:12 Castle Age
15:23 Stone Mining
15:58 Gold Mining
thenewt7
0:36 Loom
10:24 Feudal Age
10:52 Double-Bit Axe
10:51 Horse Collar
18:31 Castle Age
17:28 Forging
18:27 Scale Mail Armor
19:02 Pikeman
seu madruga
8:10 Loom
10:04 Feudal Age
10:33 Double-Bit Axe
15:57 Castle Age
Connection lost

Rejoining the realm…

Still unreachable

The connection could not be restored.

Session expired

The server has moved on; the page needs a fresh start.